PIO (24 & UNDER)
COLORADO COMMANDERS @ EAU CLAIRE ESQUIRES
05/28/2026
 
TOP OF THE 1ST
Colorado Commanders batting - Pitching for Eau Claire Esquires : RHP Orlando Trinidad
Pitching: RHP Orlando Trinidad
Batting: LHB Javier Martínez 0-0: Called Strike
0-1: Swinging Strike
0-2: Strikes out looking
Batting: RHB Alberto Soto 0-0: Fly out, F5 (Line Drive, 5)
Batting: RHB Mike Martin 0-0: Ball
1-0: Ball
2-0: Called Strike
2-1: Foul Ball, location: 2F
2-2: Strikes out swinging
Top of the 1st over - 0 run(s), 0 hit(s), 0 error(s), 0 left on base; Colorado 0 - Eau Claire 0
BOTTOM OF THE 1ST
Eau Claire Esquires batting - Pitching for Colorado Commanders : RHP Héctor Rodríguez
Pitching: RHP Héctor Rodríguez
Batting: SHB Álex Hernández 0-0: Ball
1-0: Fly out, F8 (Flyball, 8RS)
Batting: LHB Jesús Bueno 0-0: Ball
1-0: Ball
2-0: Ball
3-0: Called Strike
3-1: DOUBLE (Line Drive, 7LS)
Batting: SHB Manuel Hegnauer 0-0: Called Strike
0-1: SINGLE (Line Drive, 9S)
Jesús Bueno to third
Runner from 3rd tries for Home, SAFE, no throw or cutoff
Batting: RHB Esteban Lara 0-0: Ball
1-0: Foul Ball, location: 2F
1-1: Swinging Strike
1-2: Strikes out swinging
Batting: LHB Pedro Díaz 0-0: Foul Ball, location: 2F
0-1: DOUBLE (Line Drive, 9LS)
Manuel Hegnauer to third
Runner from 3rd tries for Home, SAFE, no throw or cutoff
Batting: RHB Jon Krohne 0-0: Foul Ball, location: 2F
0-1: Ball
1-1: Called Strike
1-2: Ground out 4-3 (Groundball, 4)
Bottom of the 1st over - 2 run(s), 3 hit(s), 0 error(s), 1 left on base; Colorado 0 - Eau Claire 2
TOP OF THE 2ND
Colorado Commanders batting - Pitching for Eau Claire Esquires : RHP Orlando Trinidad
Batting: LHB Juan Torres 0-0: Foul Ball, location: 2F
0-1: Ball
1-1: Fly out, F8 (Flyball, 8LD)
Batting: SHB Theodore Cook 0-0: Swinging Strike
0-1: Swinging Strike
0-2: Strikes out swinging
Batting: RHB Rafael López 0-0: Foul Ball, location: 2F
0-1: Bunt for hit - play at first, batter OUT! 1-3
Top of the 2nd over - 0 run(s), 0 hit(s), 0 error(s), 0 left on base; Colorado 0 - Eau Claire 2
BOTTOM OF THE 2ND
Eau Claire Esquires batting - Pitching for Colorado Commanders : RHP Héctor Rodríguez
Batting: RHB Eugenio Maldonado 0-0: SINGLE (Line Drive, 78S)
Batting: LHB José Martínez 0-0: Ball
1-0: Ball
2-0: Foul Ball, location: 2F
2-1: Ball
3-1: Base on Balls
Eugenio Maldonado to second
Batting: RHB Nelson Castro 0-0: Foul Ball, location: 2F
0-1: Foul Ball, location: 2F
0-2: Strikes out looking
Batting: SHB Álex Hernández 0-0: Fly out, F8 (Flyball, 8LS)
Batting: LHB Jesús Bueno 0-0: Ground out 1-3 (Groundball, 25)
Bottom of the 2nd over - 0 run(s), 1 hit(s), 0 error(s), 2 left on base; Colorado 0 - Eau Claire 2
TOP OF THE 3RD
Colorado Commanders batting - Pitching for Eau Claire Esquires : RHP Orlando Trinidad
Batting: RHB Chris Rice 0-0: Ball
1-0: Foul Ball, location: 2F
1-1: Called Strike
1-2: Ball
2-2: Foul Ball, location: 2F
2-2: Strikes out swinging
Batting: RHB Samuel Pasolini 0-0: Called Strike
0-1: Ball
1-1: Foul Ball, location: 2F
1-2: Strikes out swinging
Batting: RHB Frank Martínez 0-0: Foul Ball, location: 2F
0-1: Ball
1-1: SINGLE (Line Drive, 8LS)
Batting: LHB Javier Martínez 0-0: Called Strike
0-1: Swinging Strike
0-2: Ball
1-2: Strikes out looking
Top of the 3rd over - 0 run(s), 1 hit(s), 0 error(s), 1 left on base; Colorado 0 - Eau Claire 2
BOTTOM OF THE 3RD
Eau Claire Esquires batting - Pitching for Colorado Commanders : RHP Héctor Rodríguez
Batting: SHB Manuel Hegnauer 0-0: Ball
1-0: SINGLE (Groundball, 34D) (infield hit)
Batting: RHB Esteban Lara 0-0: Ball
1-0: Ball
2-0: Ball
3-0: Called Strike
3-1: Fly out, F9 (Flyball, 89D)
Batting: LHB Pedro Díaz 0-0: Called Strike
0-1: SINGLE (Flyball, 78S)
Manuel Hegnauer to second
Batting: RHB Jon Krohne 0-0: Called Strike
0-1: Called Strike
0-2: Grounds into double play, 6-4-3 (Groundball, 6)
Bottom of the 3rd over - 0 run(s), 2 hit(s), 0 error(s), 1 left on base; Colorado 0 - Eau Claire 2
TOP OF THE 4TH
Colorado Commanders batting - Pitching for Eau Claire Esquires : RHP Orlando Trinidad
Batting: RHB Alberto Soto 0-0: Ground out 5-3 (Groundball, 56)
Batting: RHB Mike Martin 0-0: Swinging Strike
0-1: Swinging Strike
0-2: Foul Ball, location: 2F
0-2: Strikes out swinging
Batting: LHB Juan Torres 0-0: Ball
1-0: Ball
2-0: Foul Ball, location: 2F
2-1: Ground out 1-3 (Groundball, 13S)
Top of the 4th over - 0 run(s), 0 hit(s), 0 error(s), 0 left on base; Colorado 0 - Eau Claire 2
BOTTOM OF THE 4TH
Eau Claire Esquires batting - Pitching for Colorado Commanders : RHP Héctor Rodríguez
Batting: RHB Eugenio Maldonado 0-0: Ball
1-0: Called Strike
1-1: Swinging Strike
1-2: Strikes out swinging
Batting: LHB José Martínez 0-0: Ball
1-0: Swinging Strike
1-1: Called Strike
1-2: Strikes out swinging
Batting: RHB Nelson Castro 0-0: Called Strike
0-1: Swinging Strike
0-2: Foul Ball, location: 2F
0-2: Strikes out looking
Bottom of the 4th over - 0 run(s), 0 hit(s), 0 error(s), 0 left on base; Colorado 0 - Eau Claire 2
TOP OF THE 5TH
Colorado Commanders batting - Pitching for Eau Claire Esquires : RHP Orlando Trinidad
Batting: SHB Theodore Cook 0-0: Ball
1-0: Ball
2-0: Called Strike
2-1: Swinging Strike
2-2: Strikes out swinging
Batting: RHB Rafael López 0-0: Ball
1-0: Ball
2-0: Foul Ball, location: 2F
2-1: Foul Ball, location: 2F
2-2: Foul Ball, location: 2F
2-2: Foul Ball, location: 2F
2-2: Strikes out looking
Batting: RHB Chris Rice 0-0: Swinging Strike
0-1: Foul Ball, location: 2F
0-2: Ball
1-2: Ball
2-2: Fly out, F7 (Flyball, 7M)
Top of the 5th over - 0 run(s), 0 hit(s), 0 error(s), 0 left on base; Colorado 0 - Eau Claire 2
BOTTOM OF THE 5TH
Eau Claire Esquires batting - Pitching for Colorado Commanders : RHP Héctor Rodríguez
Batting: SHB Álex Hernández 0-0: Called Strike
0-1: Ball
1-1: Swinging Strike
1-2: Ground out 4-3 (Groundball, 4M)
Batting: LHB Jesús Bueno 0-0: Foul Ball, location: 2F
0-1: Ball
1-1: Ball
2-1: Called Strike
2-2: Foul Ball, location: 2F
2-2: Strikes out looking
Batting: SHB Manuel Hegnauer 0-0: Foul Ball, location: 2F
0-1: Called Strike
0-2: Ball
1-2: Strikes out looking
Bottom of the 5th over - 0 run(s), 0 hit(s), 0 error(s), 0 left on base; Colorado 0 - Eau Claire 2
TOP OF THE 6TH
Colorado Commanders batting - Pitching for Eau Claire Esquires : RHP Orlando Trinidad
Batting: RHB Samuel Pasolini 0-0: Ball
1-0: Called Strike
1-1: Ball
2-1: Foul Ball, location: 2F
2-2: Foul Ball, location: 2F
2-2: Strikes out swinging
Batting: RHB Frank Martínez 0-0: Called Strike
0-1: Ball
1-1: Swinging Strike
1-2: Strikes out swinging
Batting: LHB Javier Martínez 0-0: Ball
1-0: Foul Ball, location: 2F
1-1: Called Strike
1-2: Fly out, F8 (Flyball, 89M)
Top of the 6th over - 0 run(s), 0 hit(s), 0 error(s), 0 left on base; Colorado 0 - Eau Claire 2
BOTTOM OF THE 6TH
Eau Claire Esquires batting - Pitching for Colorado Commanders : RHP Héctor Rodríguez
Batting: RHB Esteban Lara 0-0: Ball
1-0: Foul Ball, location: 2F
1-1: Ball
2-1: Foul Ball, location: 2F
2-2: SINGLE (Line Drive, 34D)
Batting: LHB Pedro Díaz 0-0: Fly out, F8 (Flyball, 8RM)
Batting: RHB Jon Krohne 0-0: Ground out 5-3 (Groundball, 56S)
Esteban Lara to second
Batting: RHB Eugenio Maldonado 0-0: Swinging Strike
0-1: Called Strike
0-2: Ball
1-2: Ball
2-2: Strikes out looking
Bottom of the 6th over - 0 run(s), 1 hit(s), 0 error(s), 1 left on base; Colorado 0 - Eau Claire 2
TOP OF THE 7TH
Colorado Commanders batting - Pitching for Eau Claire Esquires : RHP Orlando Trinidad
Batting: RHB Alberto Soto 0-0: Ball
1-0: Foul Ball, location: 2F
1-1: Ball
2-1: Called Strike
2-2: Ground out U3 (Groundball, 3S)
Batting: RHB Mike Martin 0-0: Foul Ball, location: 2F
0-1: Called Strike
0-2: Strikes out looking
Batting: LHB Juan Torres 0-0: Ball
1-0: Ball
2-0: Called Strike
2-1: Ball
3-1: Base on Balls
Pitching: RHP Edgar Villa
Batting: SHB Theodore Cook 0-0: Ball
1-0: Swinging Strike
1-1: Swinging Strike
1-2: Strikes out swinging
Top of the 7th over - 0 run(s), 0 hit(s), 0 error(s), 1 left on base; Colorado 0 - Eau Claire 2
BOTTOM OF THE 7TH
Eau Claire Esquires batting - Pitching for Colorado Commanders : RHP Héctor Rodríguez
Batting: LHB José Martínez 0-0: Ball
1-0: Ball
2-0: Ball
3-0: Called Strike
3-1: Foul Ball, location: 2F
3-2: Base on Balls
Pitching: RHP Eddie Huber
Batting: RHB Nelson Castro 0-0: Called Strike
0-1: Grounds into double play, 6-4-3 (Groundball, 6)
Batting: SHB Álex Hernández 0-0: Ground out 6-3 (Groundball, 6M)
Bottom of the 7th over - 0 run(s), 0 hit(s), 0 error(s), 0 left on base; Colorado 0 - Eau Claire 2
TOP OF THE 8TH
Colorado Commanders batting - Pitching for Eau Claire Esquires : RHP Edgar Villa
Batting: RHB Rafael López 0-0: Ball
1-0: Ball
2-0: Ball
3-0: Base on Balls
Pitching: RHP Kel Rosewarne
Batting: RHB Chris Rice 0-0: Swinging Strike
0-1: Ball
1-1: Ball
2-1: Called Strike
2-2: Strikes out swinging
Batting: RHB Samuel Pasolini 0-0: Ball
1-0: Called Strike
1-1: Ball
2-1: Ball
3-1: Base on Balls
Rafael López to second
Pinch Hitting: LHB Luis Torres 0-0: Ball
1-0: Fly out, F7 (Flyball, 78S)
Batting: LHB Javier Martínez 0-0: Fly out, F9 (Flyball, 9LM)
Top of the 8th over - 0 run(s), 0 hit(s), 0 error(s), 2 left on base; Colorado 0 - Eau Claire 2
BOTTOM OF THE 8TH
Eau Claire Esquires batting - Pitching for Colorado Commanders : RHP Eddie Huber
Now at 2B: Gerald Johnson
Batting: LHB Jesús Bueno 0-0: Called Strike
0-1: Foul Ball, location: 2F
0-2: Ball
1-2: Ball
2-2: Ball
3-2: Base on Balls
Batting: SHB Manuel Hegnauer 0-0: Ball
1-0: Foul Ball, location: 2F
1-1: Fly out, F5 (Popup, 5F)
Batting: RHB Esteban Lara 0-0: Called Strike
0-1: Foul Ball, location: 2F
0-2: Foul Ball, location: 2F
0-2: Fielders Choice at 2nd, 5-4 (Groundball, 5)
Batting: LHB Pedro Díaz 0-0: Called Strike
0-1: Ball
Esteban Lara is caught stealing 2nd base
Bottom of the 8th over - 0 run(s), 0 hit(s), 0 error(s), 0 left on base; Colorado 0 - Eau Claire 2
TOP OF THE 9TH
Colorado Commanders batting - Pitching for Eau Claire Esquires : RHP Kel Rosewarne
Pitching: RHP Orsino Ortíz
Now in RF: Pancho Álvarez
Batting: RHB Alberto Soto 0-0: Ball
1-0: Swinging Strike
1-1: Swinging Strike
1-2: Strikes out swinging
Batting: RHB Mike Martin 0-0: Ball
1-0: Called Strike
1-1: Ball
2-1: Ball
3-1: Base on Balls
Batting: LHB Juan Torres 0-0: Swinging Strike
0-1: Swinging Strike
0-2: Ball
1-2: Fly out, F8 (Flyball, 8RM)
Pinch Hitting: RHB Ricardo Remedios 0-0: Fly out, F6 (Popup, 56)
Top of the 9th over - 0 run(s), 0 hit(s), 0 error(s), 1 left on base; Colorado 0 - Eau Claire 2
Monday, December 5th, 2016 - OOTP Baseball 17.12 Build 75